 Dungeon Crawl Stone Soup version 0.31-a0-986-g5e6e4ef867 (webtiles) character file.

Game seed: 18368546037430678895

7 dialectric the Trooper (level 1, 0/18 HPs)
             Began as a Demonspawn Cinder Acolyte on Nov 14, 2023.
             Was a High Priest of Ignis.
             Slain by a goblin
             ... wielding a +1 dagger of flaming
              (3 damage)
             ... on level 1 of the Dungeon.
             The game lasted 00:00:13 (117 turns).

dialectric the Trooper (Demonspawn Cinder Acolyte)   Turns: 117, Time: 00:00:13

Health: 0/18       AC:  2    Str: 14    XL:     1   Next: 91%
Magic:  2/2        EV: 11    Int: 15    God:    Ignis [*****.]
Gold:   51         SH:  0    Dex:  8    Spells: 2/2 levels left

rFire   + . .        a - -1 mace (flame)
rCold   . . .        (no shield)
rNeg    . . .        b - +0 robe
rPois   .            (no helmet)
rElec   .            (no cloak)
rCorr   .            (no gloves)
SInv    .            (no boots)
Will    .....        (no amulet)
Stlth   +            (no ring)
HPRegen 0.23/turn    (no ring)
MPRegen 0.08/turn

%: no passive effects
@: no status effects
A: no striking features
a: Renounce Religion, Fiery Armour, Foxfire Swarm, Rising Flame


You were on level 1 of the Dungeon.
You worshipped Ignis.
Ignis was extremely pleased with you.
You visited 1 branch of the dungeon, and saw 1 of its levels.

You collected 51 gold pieces.

Inventory:

Hand Weapons
 a - a -1 mace of flaming (weapon)
Armour
 b - a +0 robe (worn)


   Skills:
 + Level 3.1 Fighting
 + Level 2.9 Maces & Flails
 + Level 1.0 Spellcasting
 + Level 2.9 Fire Magic


You had 2 spell levels left.
You didn't know any spells.
Your spell library contained the following spells:

 Spells                   Type           Power      Damage    Failure   Level
 Scorch                   Fire           18%        2d5       12%         2
 Lesser Beckoning         Tloc           0%         N/A       36%         2
 Gell's Gravitas          Tloc           0%         N/A       58%         3
 Teleport Other           Tloc           0%         N/A       58%         3


Dungeon Overview and Level Annotations

Branches:
Dungeon (1/15)

Altars:


Message History

No target in view!
No target in view!
No target in view!
You now have 51 gold pieces (gained 14).
Found a stone staircase leading down.
No target in view!
A goblin comes into view. It is wielding a +1 dagger of flaming.
The goblin shouts!
A goblin is nearby!
A hobgoblin comes into view.
The hobgoblin shouts!
The goblin completely misses you.
You closely miss the goblin.
The goblin hits you with a +1 dagger of flaming.
You barely miss the goblin. The goblin barely misses you.
You barely miss the goblin.
The goblin hits you with a +1 dagger of flaming.
The goblin burns you.
The goblin hits you with a +1 dagger of flaming.
The hobgoblin barely misses you.
You barely miss the goblin.
The hobgoblin hits you but does no damage.
The goblin hits you with a +1 dagger of flaming.
You completely miss the goblin. The hobgoblin barely misses you.
The goblin hits you with a +1 dagger of flaming.
You are too injured to fight recklessly!
You are too injured to fight recklessly!
You are too injured to fight recklessly!
You are too injured to fight recklessly!
You are too injured to fight recklessly!
Unknown command.
The hobgoblin attacks as it pursues you!
The hobgoblin hits you.
You hit the hobgoblin but do no damage. The hobgoblin hits you.
* * * LOW HITPOINT WARNING * * *
You thump the hobgoblin! You burn the hobgoblin.
You kill the hobgoblin!
You barely miss the goblin.
The goblin hits you with a +1 dagger of flaming.
You die...

.#... #.# .....#
≈#.... #.# #....#
≈#..... #.# #....#
≈#..... #.# #....#
≈#.....####.# #....#
.#..(.......## #....#
.#...........## #....#
.#...#........###g...#
##...#......#...@###.#
#...#...........# .#
#.....#.####....# .
#...#.....##.....# #
.....#......#.....#
#### #......##.#...#
..# #......##.##..#
..# #.......#.. .>#
..# #.......#


You could see a goblin.

Vanquished Creatures
  An endoplasm (D:1)
  A giant cockroach (D:1)
  A hobgoblin (D:1)
  A quokka (D:1)
  A ball python (D:1)
  A bat (D:1)
  A rat (D:1)
7 creatures vanquished.

Notes
Turn   | Place    | Note
-------+----------+-------------------------------------------
     0 | D:1      | dialectric the Demonspawn Cinder Acolyte began the quest
                  | for the Orb.
     0 | D:1      | Reached XP level 1. HP: 18/18 MP: 2/2
   117 | D:1      | Slain by a goblin

Illustrated notes

Levels and vault maps discovered:
D:1:      scummos_arrival_gate, layout_basic

Action                     || total
---------------------------++-------
  Melee: Mace              ||    20
 Armour: Robe              ||    15
  Dodge: Dodged            ||    10

Table legend: (Time is in decaauts)
 A = Elapsed time spent in this place.
 B = Non-inter-level travel time spent in this place.
 C = Inter-level travel time spent in this place.
 D = Time resting spent in this place.
 E = Time spent auto-exploring this place.
 F = Levels seen in this place.
 G = Mean time per level.
                   A        B        C        D        E       F      G
               +--------+--------+--------+--------+--------+-----+--------+
         Total |    122 |    122 |      0 |      0 |     74 |   1 |  122.0 |
       Dungeon |    122 |    122 |      0 |      0 |     74 |   1 |  122.0 |
               +--------+--------+--------+--------+--------+-----+--------+

Top non-repeatable levels by time:
     D:1: 122 daAuts
